 Dungeon Crawl Stone Soup version 0.24-a0-447-ge8da9206dc (webtiles) character file.

Game seed: 16367709428090085984

204143 temitten the Unseen (level 18, -2/96 HPs)
             Began as a Spriggan Enchanter on June 23, 2019.
             Was the Champion of Dithmenos.
             Killed from afar by Mara (illusionary) (31 damage)
             ... with a bolt of fire
             ... on level 3 of the Spider Nest on June 25, 2019.
             The game lasted 02:36:43 (48387 turns).

temitten the Unseen (Spriggan Enchanter)           Turns: 48387, Time: 02:36:43

Health: -2/96      AC: 10    Str:  8    XL:     18   Next: 0%
Magic:  2/34       EV: 24    Int: 19    God:    Dithmenos [******]
Gold:   2228       SH: 15    Dex: 18    Spells: 42/47 levels left

rFire    . . .     SeeInvis +   a - +4 dagger (chaos)
rCold    . . .     Gourm    .   Q - +1 buckler
rNeg     . . .     Faith    .   Z - +0 swamp dragon scales
rPois    +         Spirit   .   u - +2 hat
rElec    .         Reflect  +   T - scarf {repulsion}
rCorr    .         Harm     .   (gloves unavailable)
MR       ++++.                  (boots unavailable)
Stlth    ++++++++++             g - +6 amulet of reflection
HPRegen  0.26/turn              l - ring of protection from magic
MPRegen  0.24/turn              A - ring of stealth

@: wreathed by umbra, repel missiles, very quick
A: very small, unfitting armour, see invisible, herbivore, speed 3, low mp 1,
slow metabolism 2, MP-powered wands
}: 1/15 runes: decaying
a: Shadow Step, Shadow Form, Renounce Religion


You were on level 3 of the Spider Nest.
You worshipped Dithmenos.
Dithmenos was exalted by your worship.
You were not hungry.

You visited 6 branches of the dungeon, and saw 31 of its levels.

You collected 3065 gold pieces.
You spent 837 gold pieces at shops.

Inventory:

Hand Weapons
 a - a +4 dagger of chaos (weapon)
   (You took it off Dowan on level 5 of the Dungeon)
 b - a +9 quick blade
   (You acquired it on level 2 of the Spider Nest)
 C - the +9 long sword of the Kidney {slice, Str+4}
   (You found it on level 2 of the Swamp)

   It inflicts extra damage upon your enemies.
   It affects your strength (+4).
Missiles
 j - 39 poisoned darts (quivered)
Armour
 u - a +2 hat (worn)
   (You found it on level 9 of the Dungeon)
 M - +0 ice dragon scales
   (You found it on level 2 of the Lair of Beasts)
 Q - a +1 buckler (worn)
   (You found it on level 3 of the Lair of Beasts)
 T - a scarf of repulsion (worn)
   (You found it on level 15 of the Dungeon)
 Z - +0 swamp dragon scales (worn)
   (You found it on level 1 of the Swamp)
Jewellery
 g - a +6 amulet of reflection (around neck)
   (You found it on level 1 of the Dungeon)
 i - an uncursed ring of protection from fire
   (You found it on level 3 of the Lair of Beasts)
 l - a ring of protection from magic (left hand)
   (You found it on level 9 of the Dungeon)
 o - an uncursed ring of protection from cold
   (You found it on level 3 of the Swamp)
 A - a ring of stealth (right hand)
   (You found it on level 10 of the Dungeon)
Wands
 c - a wand of disintegration (5)
   (You found it on level 4 of the Lair of Beasts)
 t - a wand of flame (11)
   (You found it on level 8 of the Dungeon)
 v - a wand of digging (7)
   (You found it on level 1 of the Swamp)
 P - a wand of clouds (25)
   (You found it on level 3 of the Lair of Beasts)
 W - a wand of scattershot (3)
   (You found it on level 14 of the Dungeon)
Scrolls
 d - 4 scrolls of identify {@r1}
 f - 9 scrolls of magic mapping
 k - 4 scrolls of teleportation {@r4}
 r - 6 scrolls of enchant weapon
 y - 5 scrolls of immolation {!r}
 E - 2 scrolls of blinking
 H - 4 scrolls of fog
 K - 2 scrolls of fear
 O - 4 scrolls of amnesia
 R - 2 scrolls of holy word
 Y - 15 scrolls of remove curse {@r2}
Potions
 h - 4 potions of cancellation
 m - 6 potions of brilliance
 n - 5 potions of magic
 p - a potion of ambrosia
 q - 10 potions of curing {@q1}
 w - 3 potions of flight
 z - 2 potions of mutation {!q}
 B - 3 potions of agility
 F - 2 potions of invisibility
 G - 6 potions of heal wounds {@q2}
 I - 4 potions of berserk rage
 J - 7 potions of lignification {!q}
 L - 2 potions of might
 V - 6 potions of haste {@q3}
 X - a potion of resistance
Miscellaneous
 D - a lightning rod (inert) {!a}
   (You found it on level 10 of the Dungeon)
Comestibles
 e - 47 rations {!d}


   Skills:
 * Level 11.2 Fighting
 + Level 14.6 Short Blades
 - Level 6.0 Armour
 + Level 12.6 Dodging
 * Level 19.1 Stealth
 - Level 7.2 Shields
 + Level 15.2 Spellcasting
 + Level 15.0 Hexes
 - Level 5.0 Ice Magic
 * Level 3.4 Invocations


You had 42 spell levels left.
You knew the following spells:

 Your Spells              Type           Power        Failure   Level  Hunger
c - Confuse               Hex            ######..     1%          3    None
x - Ensorcelled Hibernat  Hex/Ice        ######       1%          2    None

Your spell library contained the following spells:

 Spells                   Type           Power        Failure   Level  Hunger
 Corona                   Hex            ######.      1%          1    None
 Slow                     Hex            ######..     1%          2    None
 Dazzling Spray           Conj/Hex       #####.       1%          3    None
 Spectral Weapon          Hex/Chrm       #####...     1%          3    None
 Summon Guardian Golem    Hex/Summ       #####...     1%          3    None
 Tukima's Dance           Hex            ######..     1%          3    None
 Cause Fear               Hex            ######....   1%          4    None
 Beastly Appendage        Tmut           ##....       12%         1    None
 Infusion                 Chrm           ##..         12%         1    None
 Magic Dart               Conj           ##..         12%         1    None
 Shock                    Conj/Air       ##..         12%         1    None
 Summon Small Mammal      Summ           ##..         12%         1    None
 Silence                  Hex/Air        #####.....   14%         5    ###....
 Yara's Violent Unravell  Hex/Tmut       #####.....   14%         5    ###....
 Blink                    Tloc           N/A          19%         2    None
 Call Imp                 Summ           ##......     19%         2    None
 Corpse Rot               Necr           N/A          19%         2    None
 Shroud of Golubria       Chrm/Tloc      ##....       19%         2    None
 Song of Slaying          Chrm           ##......     19%         2    None
 Sticks to Snakes         Tmut           ##......     19%         2    None
 Sublimation of Blood     Necr           ##........   19%         2    None
 Swiftness                Chrm/Air       ##......     19%         2    None
 Call Canine Familiar     Summ           ##......     34%         3    None
 Conjure Flame            Conj/Fire      ##......     34%         3    None
 Ignite Poison            Fire/Tmut/Pois ##......     34%         3    None
 Mephitic Cloud           Conj/Pois/Air  ##......     34%         3    None
 Regeneration             Chrm/Necr      ##........   34%         3    None
 Spider Form              Tmut/Pois      ##........   34%         3    None
 Static Discharge         Conj/Air       ##......     34%         3    None
 Ice Form                 Ice/Tmut       ###.....     38%         4    None
 Summon Ice Beast         Ice/Summ       ###.....     38%         4    None
 Airstrike                Air            ##........   75%         4    None
 Petrify                  Tmut/Erth      ##......     75%         4    None
 Summon Lightning Spire   Summ/Air       ##......     75%         4    None
 Discord                  Hex            ######....   85%         8    #######
 Agony                    Necr           ##......     97%         5    ###....
 Alistair's Intoxication  Tmut/Pois      ##......     97%         5    ###....
 Blade Hands              Tmut           ##........   97%         5    ###....
 Bolt of Draining         Conj/Necr      ##........   97%         5    ###....
 Dispel Undead            Necr           ##......     97%         5    ###....
 Excruciating Wounds      Chrm/Necr      ##........   97%         5    ###....
 Irradiate                Conj/Tmut      ##........   97%         5    ###....
 Lightning Bolt           Conj/Air       ##........   97%         5    ###....
 Deflect Missiles         Chrm/Air       ##........   100%        6    #####..
 Statue Form              Tmut/Erth      ##.......    100%        6    #####..
 Ignition                 Fire           ##........   100%        8    #######
 Shatter                  Erth           ##........   100%        9    #######
 Tornado                  Air            ##........   100%        9    #######


Dungeon Overview and Level Annotations

Branches:
Dungeon (15/15) Temple (1/1) D:5 Lair (6/6) D:11 Swamp (4/4) Lair:2 Spider (3/4) Lair:4 Slime (0/5) Lair:5 Orc (2/2) D:9 Elf (0/3) Orc:2 Vaults (0/5) D:12 D:13 Depths (0/5) D:15

Altars:
Ashenzari
Cheibriados
Dithmenos
Elyvilon
Fedhas
Gozag
Hepliaklqana
Kikubaaqudgha
Makhleb
Nemelex Xobeh
Okawaru
Qazlal
Ru
Sif Muna
Trog
Uskayaw
Vehumet
Wu Jian
Xom
Yredelemnul
Zin
The Shining One
Beogh

Shops:
D:6 *   Orc:2 [*=(

Annotations:
Swamp:2 2 transporters
Swamp:4 Nikola
Spider:3 Mara


Innate Abilities, Weirdness & Mutations

You are very small and have problems with some larger weapons.
You are too small for most types of armour.
You have supernaturally acute eyesight. (SInv)
You are a herbivore.
You cover ground extremely quickly.
You need to consume almost no food.
Your magical capacity is low. (-10% MP)
You expend magic power (3 MP) to strengthen your wands.


Message History

The bolt of fire is repelled.
Mara is engulfed in freezing vapours.
Mara misses you. You block temitten's illusion's attack.
Mara blinks!
Mara gestures at you. The bolt of fire misses you.
Aim: Mara, wielding a +2 demon trident of venom and wearing a +2 robe of the Archmagi (black smoke, severely wounded, umbra)
You feel a surge of power!
You create a blast of noxious fumes!
Mara is engulfed in freezing vapours.
Temitten's illusion hits you but does no damage.
Mara blinks!
Mara gestures.
You block Mara's attack.
Aim: Mara, wielding a +2 demon trident of venom and wearing a +2 robe of the Archmagi (black smoke, severely wounded, umbra)
You feel a surge of power!
You create a blast of freezing vapour!
You block Mara's attack. You block temitten's illusion's attack.
Mara gestures at you.
You hear a sizzling sound!
You block Mara's attack.
Mara blinks!
You feel a surge of power!
You create a blast of freezing vapour!
Temitten's illusion points at you and mumbles some strange words.
You resist with almost no effort.
You barely miss temitten's illusion.
Your shadow hits temitten's illusion but does no damage.
Mara is engulfed in freezing vapours.
You block Mara's attack. Temitten's illusion barely misses you.
You hit temitten's illusion but do no damage.
Your shadow barely misses temitten's illusion.
You hit temitten's illusion but do no damage.
Your shadow closely misses temitten's illusion.
Mara hits you from afar with a +2 demon trident of venom!!
* * * LOW HITPOINT WARNING * * *
You block temitten's illusion's attack. Mara gestures at you.
You hear a sizzling sound!
Mara is engulfed in freezing vapours.
There is a stone staircase leading down here.
You feel a slight surge of power.
You create a blast of freezing vapour!
Temitten's illusion is engulfed in freezing vapours.
Mara is engulfed in freezing vapours.
Mara says, "What good are steel and magic against my illusions?"
Mara blinks!
Mara blinks!
Temitten's illusion is engulfed in freezing vapours.
Mara blinks!
Temitten's illusion is engulfed in freezing vapours.
Mara blinks!
Mara gestures at you. The bolt of fire hits you!!
You die...

###..............§§.....§...
###........^....§#§..§.§§§.
#......#......§..§†...§§§..
##.....#.......@..§...§§§§§.
#^..................!§§§§§§.
##........#............§.§.§.
##^.....#..^........^...§§...§
#.....^........R.......§§§...†
#^#..........@..........§...†.
######.>.....................†
#.....#..............[..R†
#.........................
##........................
###...#.^...#^...........
###....................
##................°○.
##........^..........^


You could see Mara and temitten's illusion.

Vanquished Creatures
  Saint Roka (Orc:2)
  Bai Suzhen (Swamp:3)
  Arachne (Spider:2)
  Gastronok (Lair:1)
  Agnes (Spider:3)
  3 thorn hunters
  Kirke (Spider:2)
  Donald (Swamp:3)
  Roxanne (Swamp:1)
  3 ghost moths (Spider:2)
  An emperor scorpion (Spider:1)
  The ghost of jotwebe the Brawler, a journeyman DrTm of Wu Jian (Lair:6)
  A very ugly thing (Swamp:3)
  A stone giant (Orc:1)
  Azrael (Spider:3)
  5 entropy weavers
  A spark wasp (Spider:2)
  Snorg (Lair:5)
  The ghost of JellyEater the Geomancer, a journeyman GrEE of Vehumet (D:13)
  An ettin (Orc:2)
  A fire dragon (Lair:5)
  Josephine (Swamp:1)
  An ice dragon (Lair:5)
  A shambling mangrove (Swamp:3)
  2 ghost crabs
  11 two-headed ogres
  21 hydras
  A centaur warrior (D:12)
  A catoblepas (Lair:2)
  An ogre mage (D:15)
  2 death knights
  9 alligators
  An orc high priest (Orc:2)
  6 death yaks (Lair:3)
  Urug (Lair:6)
  Nergalle (Orc:2)
  A spriggan (Swamp:4)
  2 skeletal warriors
  The ghost of anet the Magician, a novice DEWz of Ashenzari (D:10)
  2 unseen horrors (D:12)
  2 spriggan druids
  11 swamp dragons
  Pikel (D:6)
  4 orc knights
  2 deep elf magi (D:15)
  The ghost of iamserjio the Fighter, a novice OpWn of Yredelemnul (D:6)
  A phantasmal warrior (D:13)
  21 wolf spiders
  3 orc sorcerers
  9 ugly things
  13 orb spiders
  6 cyclopes
  3 black mambas
  29 spiny frogs
  A naga mage (D:15)
  11 elephants
  2 torpor snails
  3 gargoyles
  An efreet (D:13)
  7 demonic crawlers
  4 komodo dragons
  A freezing wraith (D:13)
  2 centaur skeletons
  30 jumping spiders
  3 meliai
  2 trolls
  2 queen bees
  A wolf spider simulacrum (D:13)
  Prince Ribbit (D:6)
  A polar bear (Lair:4)
  16 tyrant leeches
  8 hornets
  9 hippogriffs
  11 bog bodies
  24 blink frogs
  Grinder (D:5)
  4 slime creatures (Swamp:3)
  3 centaur simulacra
  A vampire (D:12)
  3 shadows
  66 redbacks
  9 wraiths
  15 tarantellas
  2 wyverns
  6 fire elementals (Spider:3)
  47 yaks
  A hungry ghost (D:12)
  Eustachio (D:5)
  A steam dragon (D:9)
  3 hogs (Spider:2)
  16 humans (D:12)
  Menkaure (D:5)
  2 neqoxecs (D:10)
  30 vampire mosquitoes
  A redback simulacrum (D:14)
  10 swamp worms
  6 wargs
  Edmund (D:5)
  4 insubstantial wisps
  2 hell hounds (Spider:3)
  11 water moccasins
  Duvessa (D:5)
  9 porcupines
  20 orc warriors
  2 sky beasts
  4 ice beasts (D:13)
  A black bear (D:8)
  12 swamp drakes
  2 phantoms
  An eye of draining (D:12)
  16 ogres
  3 necrophages
  13 centaurs
  11 wolves
  16 crocodiles
  A big kobold (D:8)
  27 bullfrogs
  A water moccasin zombie (D:6)
  A wyvern skeleton (D:13)
  4 scorpions
  Dowan (D:5)
  48 killer bees
  14 wights
  4 howler monkeys
  3 electric eels
  4 crimson imps
  4 quasits
  9 hounds
  A wyvern simulacrum (D:14)
  A bullfrog zombie (D:12)
  17 jellies
  18 orc wizards
  5 bullfrog skeletons
  16 orc priests
  5 iguanas
  Terence (D:3)
  9 worker ants
  7 hell rats (Lair:4)
  A killer bee zombie (D:8)
  A bullfrog simulacrum (D:13)
  2 hound zombies
  A howler monkey skeleton (D:10)
  16 adders
  2 shadow imps
  6 white imps
  2 ufetubi (D:13)
  2 oozes
  An adder skeleton (D:8)
  An adder zombie (D:8)
  4 worms
  A dart slug (D:1)
  9 leopard geckos
  69 orcs
  2 ball pythons
  10 bats
  7 giant cockroaches
  10 goblins
  8 hobgoblins
  15 jackals
  5 quokkas
  A frilled lizard (D:2)
  2 jackal skeletons
  15 kobolds
  A leopard gecko skeleton (D:4)
  A leopard gecko zombie (D:5)
  A quokka skeleton (D:10)
  7 rats
1103 creatures vanquished.

Vanquished Creatures (collateral kills)
  A tarantella (Spider:1)
1 creature vanquished.

Vanquished Creatures (others)
  A torpor snail (Spider:3)
  A demonic crawler (Spider:2)
  A redback (Spider:3)
  13 fungi
  45 plants
61 creatures vanquished.

Grand Total: 1165 creatures vanquished

Notes
Turn   | Place    | Note
-------+----------+-------------------------------------------
     0 | D:1      | temitten the Spriggan Enchanter began the quest for the
                  | Orb.
     0 | D:1      | Reached XP level 1. HP: 9/9 MP: 5/5
   619 | D:1      | Reached XP level 2. HP: 8/14 MP: 6/6
   636 | D:1      | Learned a level 2 spell: Ensorcelled Hibernation
   984 | D:1      | Reached XP level 3. HP: 9/17 MP: 0/8
  1443 | D:1      | Learned a level 3 spell: Confuse
  1445 | D:2      | Found a shimmering altar of Xom.
  1449 | D:2      | Found a shimmering altar of Xom.
  2140 | D:2      | Reached skill level 5 in Stealth
  2205 | D:2      | Reached XP level 4. HP: 20/21 MP: 2/9
  2220 | D:2      | Reached skill level 1 in Fighting
  2996 | D:2      | Found a shattered altar of Ashenzari.
  3262 | D:3      | Found a hide-covered altar of Uskayaw.
  3379 | D:3      | Found a faded altar of an unknown god.
  3393 | D:3      | Noticed an ogre
  3405 | D:3      | Killed an ogre
  3405 | D:3      | Reached skill level 1 in Ice Magic
  3405 | D:3      | Reached XP level 5. HP: 25/25 MP: 1/11
  3763 | D:3      | Noticed Terence
  3775 | D:3      | Killed Terence
  4616 | D:4      | Noticed an ogre
  4620 | D:4      | Killed an ogre
  4620 | D:4      | Reached XP level 6. HP: 29/30 MP: 9/13
  5102 | D:4      | Found a blossoming altar of Fedhas.
  5126 | D:5      | Entered Level 5 of the Dungeon
  5377 | D:5      | Reached skill level 6 in Stealth
  5590 | D:5      | Noticed Duvessa
  5591 | D:5      | Noticed Dowan
  5594 | D:5      | Noticed Eustachio
  5616 | D:5      | Killed Dowan
  5616 | D:5      | Reached skill level 5 in Dodging
  5616 | D:5      | Reached XP level 7. HP: 34/34 MP: 8/14
  5618 | D:5      | Noticed Grinder
  5624 | D:5      | Killed Duvessa
  5624 | D:5      | Reached skill level 5 in Hexes
  5629 | D:5      | Killed Eustachio
  5654 | D:5      | Paralysed by Grinder for 4 turns
  5664 | D:5      | Killed Grinder
  5847 | D:5      | Found a staircase to the Ecumenical Temple.
  5886 | Temple   | Entered the Ecumenical Temple
  5927 | Temple   | Became a worshipper of Dithmenos the Shadowed
  6144 | D:5      | Reached XP level 8. HP: 39/39 MP: 2/16
  6306 | D:5      | Noticed Edmund
  6323 | D:5      | Killed Edmund
  6323 | D:5      | Reached skill level 5 in Spellcasting
  6503 | D:5      | Reached skill level 7 in Stealth
  6504 | D:5      | Noticed Menkaure
  6521 | D:5      | Killed Menkaure
  6950 | D:6      | Found a shimmering altar of Xom.
  6990 | D:6      | Reached * piety under Dithmenos
  7018 | D:6      | Noticed Prince Ribbit
  7180 | D:6      | Killed Prince Ribbit
  7258 | D:6      | Found a runed translucent door.
  7258 | D:6      | Noticed iamserjio's ghost (novice OpWn)
  7501 | D:6      | Found a snail-covered altar of Cheibriados.
  7509 | D:6      | Found Jishoor's General Store.
  7513 | D:6      | Bought a potion of curing for 39 gold pieces
  7535 | D:6      | Noticed Pikel
  7554 | D:6      | Killed Pikel
  7554 | D:6      | Reached skill level 8 in Stealth
  7554 | D:6      | Reached XP level 9. HP: 39/44 MP: 13/19
  7902 | D:7      | Reached skill level 5 in Short Blades
  7917 | D:7      | Reached skill level 5 in Ice Magic
  7959 | D:7      | Found a transporter.
  8869 | D:8      | Noticed a two-headed ogre
  8881 | D:8      | Killed a two-headed ogre
  8881 | D:8      | Reached skill level 9 in Stealth
  8881 | D:8      | Reached XP level 10. HP: 49/49 MP: 16/22
  8890 | D:8      | Reached ** piety under Dithmenos
 10001 | D:9      | Reached *** piety under Dithmenos
 10408 | D:8      | Reached skill level 10 in Stealth
 10511 | D:9      | Found a staircase to the Orcish Mines.
 10882 | D:9      | Reached **** piety under Dithmenos
 11070 | D:9      | Found an ornate altar of the Wu Jian Council.
 11128 | D:9      | Reached skill level 5 in Fighting
 11128 | D:9      | Reached XP level 11. HP: 54/54 MP: 19/24
 11547 | D:10     | Entered Level 10 of the Dungeon
 11891 | D:10     | Found a transporter.
 11893 | D:10     | Noticed anet's ghost (novice DEWz)
 12072 | D:10     | Noticed a two-headed ogre
 12078 | D:10     | Killed a two-headed ogre
 12079 | D:10     | Found a transporter.
 12407 | D:11     | Noticed a two-headed ogre
 12414 | D:11     | Killed a two-headed ogre
 12414 | D:11     | Reached skill level 10 in Dodging
 12414 | D:11     | Reached skill level 11 in Stealth
 12749 | D:11     | Noticed a seven-headed hydra
 12756 | D:11     | Killed a seven-headed hydra
 13057 | D:11     | Found a staircase to the Lair.
 13208 | D:6      | Killed iamserjio's ghost
 13328 | D:7      | Found a roughly hewn altar of Beogh.
 13328 | D:7      | Found a transporter.
 13356 | D:7      | Reached ***** piety under Dithmenos
 13662 | Lair:1   | Entered Level 1 of the Lair of Beasts
 13729 | Lair:1   | Noticed Gastronok
 13757 | Lair:1   | Killed Gastronok
 13871 | Lair:1   | Reached XP level 12. HP: 59/59 MP: 17/26
 14207 | Lair:1   | Reached skill level 10 in Spellcasting
 14446 | Lair:2   | Noticed a four-headed hydra
 14528 | Lair:2   | Reached skill level 12 in Stealth
 14669 | Lair:2   | Reached skill level 10 in Short Blades
 14681 | Lair:2   | Noticed a catoblepas
 15065 | Lair:2   | Killed a catoblepas
 15317 | Lair:2   | Found a staircase to the Swamp.
 15351 | Lair:2   | Reached skill level 10 in Hexes
 15456 | Lair:2   | Killed a four-headed hydra
 15649 | Lair:3   | Noticed a death yak
 15650 | Lair:3   | Noticed a death yak
 15829 | Lair:3   | Noticed a death yak
 16046 | Lair:3   | Noticed a death yak
 16048 | Lair:3   | Noticed a death yak
 16049 | Lair:3   | Noticed a death yak
 16248 | Lair:3   | Killed a death yak
 16271 | Lair:3   | Killed a death yak
 16995 | Lair:3   | Killed a death yak
 17007 | Lair:3   | Killed a death yak
 17007 | Lair:3   | Reached skill level 1 in Shields
 17585 | Lair:4   | Found a hole to the Spider Nest.
 17620 | Lair:4   | Reached skill level 13 in Stealth
 17749 | Lair:4   | Reached skill level 1 in Armour
 17757 | Lair:4   | Reached XP level 13. HP: 49/65 MP: 16/28
 18818 | Lair:5   | Reached ****** piety under Dithmenos
 18844 | Lair:5   | Noticed a fire dragon
 19303 | Lair:5   | Found a staircase to the Slime Pits.
 19908 | Lair:5   | Noticed Snorg
 19915 | Lair:5   | Killed Snorg
 20126 | Lair:5   | Killed a fire dragon
 20183 | Lair:6   | Entered Level 6 of the Lair of Beasts
 20670 | Lair:6   | Reached skill level 14 in Stealth
 20736 | Lair:6   | Noticed Urug
 20743 | Lair:6   | Killed Urug
 20835 | Lair:6   | Got a polished hunting sling
 20994 | Lair:6   | Reached XP level 14. HP: 71/71 MP: 22/30
 21163 | Lair:6   | Found a large runed translucent door.
 21164 | Lair:6   | Found a large runed translucent door.
 21416 | Lair:6   | Reached skill level 5 in Shields
 22612 | Lair:6   | Noticed jotwebe's ghost (journeyman DrTm)
 24164 | Orc:1    | Entered Level 1 of the Orcish Mines
 24173 | Orc:1    | Noticed a stone giant
 25128 | Orc:1    | Killed a stone giant
 25192 | Orc:1    | Found a roughly hewn altar of Beogh.
 25641 | Orc:2    | Entered Level 2 of the Orcish Mines
 25683 | Orc:2    | Noticed Nergalle
 25693 | Orc:2    | Noticed Saint Roka
 25728 | Orc:2    | Killed Nergalle
 26475 | Orc:2    | Killed Saint Roka
 26475 | Orc:2    | Reached skill level 15 in Stealth
 26543 | Orc:2    | Found a roughly hewn altar of Beogh.
 26550 | Orc:2    | Found Jilatrosi's General Store.
 26693 | Orc:2    | Bought a potion of heal wounds for 70 gold pieces
 26693 | Orc:2    | Bought a scroll of acquirement for 728 gold pieces
 26697 | Orc:2    | Upgraded the game from 0.24-a0-446-g87df7205b4 to
                  | 0.24-a0-447-ge8da9206dc
 26908 | Orc:2    | Found a roughly hewn altar of Beogh.
 26934 | Orc:2    | Found Zuits's Jewellery Emporium.
 27142 | Orc:2    | Found Itayge Xeg's Antique Armour Emporium.
 27156 | Orc:2    | Found Lamuohux's Antique Weapon Emporium.
 27175 | Orc:2    | Found a staircase to the Elven Halls.
 27506 | D:13     | Found a gate to the Vaults.
 27599 | D:12     | Reached XP level 15. HP: 19/78 MP: 18/32
 28760 | D:13     | Found a runed translucent door.
 29342 | D:13     | Noticed JellyEater's ghost (journeyman GrEE)
 29351 | D:13     | Killed JellyEater's ghost
 29797 | D:14     | Got an ancient hand crossbow
 30774 | D:15     | Entered Level 15 of the Dungeon
 31715 | D:15     | Reached skill level 5 in Armour
 32169 | D:15     | Found a staircase to the Depths.
 32522 | Swamp:1  | Entered Level 1 of the Swamp
 32799 | Swamp:1  | Reached skill level 16 in Stealth
 32934 | Swamp:1  | Noticed Josephine
 32945 | Swamp:1  | Killed Josephine
 33199 | Swamp:1  | Identified Roxanne's Guide on Transmutation
 33199 | Swamp:1  | Noticed Roxanne
 33855 | Swamp:1  | Killed Roxanne
 33900 | Swamp:2  | Found a transporter.
 34453 | Swamp:2  | Found a transporter.
 34821 | Swamp:2  | Got a bloodstained long sword
 34840 | Swamp:2  | Identified the +9 long sword of the Kidney {slice, Str+4}
                  | (You found it on level 2 of the Swamp)
 34880 | Swamp:3  | Reached XP level 16. HP: 84/84 MP: 34/34
 36011 | Swamp:3  | Noticed Donald
 36015 | Swamp:3  | Killed Donald
 36752 | Swamp:4  | Entered Level 4 of the Swamp
 36752 | Swamp:4  | Noticed Bai Suzhen
 36752 | Swamp:4  | Noticed a thorn hunter
 36929 | Swamp:3  | Killed a thorn hunter
 37179 | Swamp:3  | Killed Bai Suzhen
 37431 | Swamp:4  | Reached skill level 17 in Stealth
 37479 | Swamp:4  | Noticed a thorn hunter
 37612 | Swamp:3  | Killed a thorn hunter
 38081 | Swamp:4  | Noticed a thorn hunter
 38291 | Swamp:3  | Reached skill level 10 in Fighting
 39011 | Swamp:4  | Killed a thorn hunter
 39882 | Swamp:4  | Got a decaying rune of Zot
 40473 | Swamp:4  | Noticed Nikola
 41253 | D:10     | Gained mutation: Your magical capacity is low. (-10% MP) [a
                  | neqoxec]
 41261 | D:10     | Killed anet's ghost
 41262 | D:10     | Gained mutation: You expend magic power (3 MP) to
                  | strengthen your wands. [a neqoxec]
 41966 | Lair:6   | Killed jotwebe's ghost
 42145 | Spider:1 | Entered Level 1 of the Spider Nest
 42333 | Spider:1 | Reached XP level 17. HP: 89/89 MP: 30/33
 42908 | Spider:1 | Reached skill level 18 in Stealth
 44836 | Spider:2 | Noticed Arachne
 44842 | Spider:2 | Killed Arachne
 44842 | Spider:2 | Reached skill level 15 in Spellcasting
 45319 | Spider:2 | Reached skill level 1 in Invocations
 46738 | Spider:3 | Noticed Kirke
 46740 | Spider:3 | Noticed Mara
 46832 | Spider:2 | Killed Kirke
 46980 | Spider:2 | Reached skill level 15 in Hexes
 47349 | Spider:3 | Noticed temitten's illusion
 47482 | Spider:3 | Noticed temitten's illusion
 47860 | Spider:3 | Noticed Agnes
 47874 | Spider:3 | Killed Agnes
 47874 | Spider:3 | Reached skill level 19 in Stealth
 47975 | Spider:3 | Noticed Azrael
 47992 | Spider:3 | Killed Azrael
 48323 | Spider:3 | Reached XP level 18. HP: 84/96 MP: 11/34
 48330 | Spider:3 | Noticed temitten's illusion
 48387 | Spider:3 | Killed from afar by Mara (illusionary)

Levels and vault maps discovered:
D:1:      dpeg_arrival_circle_labyrinth_c, layout_rooms
D:2:      layout_basic, lemuel_coloured_pillars_altar, xom_redecorated
D:3:      layout_basic, eat_drink_and_be_merry_uskayaw,
          chequers_ecumenical_altar_island, minmay_cupped, uniq_terence
D:4:      layout_basic, nicolae_overflow_hidden_temple
D:5:      layout_loops_cross, minmay_temple_entry_waves, first_ration,
          palyth_stone_intersect, uniq_edmund, uniq_duvessa, uniq_eustachio,
          uniq_menkaure, uniq_grinder
D:6:      layout_basic, old_standard_altar, cheibriados_altar_1, serial_shops,
          nicolae_shop_trees, gammafunk_ghost_grave, uniq_pikel,
          uniq_prince_ribbit1
D:7:      gammafunk_beogh_shrine, layout_basic
D:8:      layout_loops_ring, david_nohive_1, st_stairs_4
D:9:      layout_irregular_city, lemuel_doored_altar, david_orc_3,
          lightli_orcish_oven
D:10:     layout_big_octagon, gammafunk_ghost_stat_death
D:11:     layout_basic, lair_entry_dummy
D:12:     layout_loops_corners, minmay_hedge_maze
D:13:     layout_gridville, david_vaults_3, ebering_ghost_inner_flame,
          serial_ice, serial_ice_f, serial_ice_n, serial_ice_a, serial_ice_o,
          serial_ice_b, serial_ice_i, serial_ice_c
D:14:     layout_gridville, minmay_misc_feat_tiny, glass_columns_a
D:15:     grunt_enter_depths_magical_seal, layout_long_grid,
          minmay_misc_feat_more_columns
Temple:   compressed_dpeg_circular_temple
Lair:1:   layout_regular_city, uniq_gastronok
Lair:2:   layout_cave_shapes, minmay_swamp_entry_reptiles, beast_lair_carwin_1
Lair:3:   layout_chaotic_city, grunt_megastairs_1, infiniplex_staircase_pool_2,
          serial_bayou_shore_a
Lair:4:   layout_regular_city, spider_nest_entry_web_field, lemuel_fruit_fields
Lair:5:   dragon1_lemuel, layout_concentric_octagons,
          minmay_slime_entry_jelly_boxes, bobbens_ice_dragon_lair, uniq_snorg
Lair:6:   minmay_lair_end_frog_pond, layout_long_grid,
          ebering_ghost_disaster_area, lightli_volcano_entry_magma_tube,
          serial_bayou_shore_b, uniq_urug
Swamp:1:  layout_basic_swamp, evilmike_swamp_ruin_house_2, swamp_pool2,
          uniq_roxanne, uniq_josephine
Swamp:2:  gammafunk_its_a_trap, layout_basic_swamp, hangedman_swamp_ruin_wall
Swamp:3:  layout_basic_swamp, evilmike_swamp_ruin_house_6, swamp_pool3,
          nicolae_swamp_hydra_murder_den, uniq_donald
Swamp:4:  swamp, layout_basic_swamp, uniq_bai_suzhen, uniq_nikola
Spider:1: layout_spider_delve, hangedman_spider_tarantella_strand
Spider:2: layout_chambers, special_room [special_room_bee],
          nicolae_spider_webbed_stairs, uniq_arachne
Spider:3: layout_spider_delve, uniq_mara, uniq_agnes, uniq_azrael, uniq_kirke
Orc:1:    layout_caves, basic_altar
Orc:2:    grunt_orc_cross, layout_caves, basic_altar

Skill      XL: |  1  2  3  4  5  6  7  8  9 10 11 12 13 14 15 16 17 |
---------------+----------------------------------------------------+-----
Spellcasting   | 3 4 6 7 8 9 10 11 12 13 14 15 | 15.2
Hexes          | 4 5 6 7 8 9 10 11 12 13 14 15 | 15.0
Short Blades   | 2 3 4 5 7 9 10 11 12 13 14 | 14.6
Stealth        | 5 6 8 9 10 11 13 14 15 16 17 19 | 19.1
Fighting       | 1 2 3 4 5 6 7 8 9 10 11 | 11.2
Dodging        | 4 5 7 8 9 10 12 | 12.6
Ice Magic      | 1 2 3 4 5 |  5.0
Shields        | 1 4 6 7 |  7.2
Armour         | 1 3 4 5 6 |  6.0
Invocations    | 3 |  3.4

Action                   |  1- 3 |  4- 6 |  7- 9 | 10-12 | 13-15 | 16-18 || total
-------------------------+-------+-------+-------+-------+-------+-------++-------
Melee: Dagger            |   182 |   169 |   135 |   365 |   798 |   508 ||  2157
       Quick blade       |       |       |       |       |       |   115 ||   115
Throw: Dart              |       |       |     4 |     1 |       |    29 ||    34
 Cast: Corona            |     1 |       |       |       |       |       ||     1
       Ensorcelled Hiber |    30 |    48 |    67 |   193 |   392 |   284 ||  1014
       Confuse           |     2 |     6 |    18 |   102 |   178 |   157 ||   463
Evoke: Wand              |       |       |       |    12 |     5 |    30 ||    47
       Lightning rod     |       |       |       |     6 |       |    11 ||    17
       Box of beasts     |       |       |       |     3 |       |       ||     3
  Use: Scroll            |       |    11 |     6 |     8 |    12 |    10 ||    47
       Potion            |       |       |     4 |       |     2 |     3 ||     9
 Stab: Sleeping          |    28 |    35 |    52 |   175 |   310 |   243 ||   843
       Confused          |     1 |     8 |     8 |    27 |   104 |    69 ||   217
       Distracted        |       |       |     2 |     5 |    13 |     9 ||    29
       Invisible         |       |       |     1 |       |       |       ||     1
       Paralysed         |       |       |       |     4 |     1 |     2 ||     7
       Petrifying        |       |       |       |     1 |     1 |       ||     2
  Eat: Ration            |     1 |     3 |     2 |     4 |     9 |     7 ||    26
Armor: Robe              |    31 |     9 |     2 |     6 |       |       ||    48
       Skin              |       |       |     4 |       |       |       ||     4
       Ice dragon scales |       |       |       |     4 |    80 |       ||    84
       Swamp dragon scal |       |       |       |       |     2 |    99 ||   101
Dodge: Dodged            |   185 |   137 |    66 |   193 |   422 |   650 ||  1653
       Deflected         |       |       |       |       |     1 |    11 ||    12
Block: Other             |       |     6 |    34 |    56 |       |       ||    96
       Reflection        |       |     1 |     1 |       |     8 |     9 ||    19
       Buckler           |       |       |       |     9 |   431 |   578 ||  1018

Table legend:
 A = Non-vault XP
 B = Vault XP
 C = Vault XP percentage of total XP
 D = Non-vault monster count
 E = Vault monster count
 F = Vault count percentage of total count
                 A         B        C        D         E       F
            +---------+---------+-------+---------+---------+-------
      Total |  188759 |  101599 |  35.0 |     801 |     304 |  27.5
            +---------+---------+-------+---------+---------+-------
        D:1 |      60 |       0 |   0.0 |      32 |       0 |   0.0
        D:2 |      88 |       0 |   0.0 |      30 |       0 |   0.0
        D:3 |     155 |      42 |  21.3 |      13 |       5 |  27.8
        D:4 |     164 |       0 |   0.0 |       6 |       0 |   0.0
        D:5 |     509 |     979 |  65.8 |      29 |       6 |  17.1
        D:6 |     507 |    1501 |  74.8 |      10 |       3 |  23.1
        D:7 |    1338 |     609 |  31.3 |      18 |      16 |  47.1
        D:8 |    1355 |    2120 |  61.0 |      42 |      17 |  28.8
        D:9 |    4106 |     376 |   8.4 |      43 |      13 |  23.2
       D:10 |    3245 |    1248 |  27.8 |      23 |       6 |  20.7
       D:11 |    3397 |       0 |   0.0 |      17 |       0 |   0.0
       D:12 |    5686 |    5531 |  49.3 |      26 |      19 |  42.2
       D:13 |    5467 |    4519 |  45.3 |      26 |      20 |  43.5
       D:14 |    6411 |       0 |   0.0 |      20 |       0 |   0.0
       D:15 |    4657 |    6729 |  59.1 |      18 |      11 |  37.9
     Lair:1 |    1708 |    2535 |  59.7 |       7 |       2 |  22.2
     Lair:2 |    4324 |    1742 |  28.7 |      20 |       8 |  28.6
     Lair:3 |    8398 |       0 |   0.0 |      21 |       0 |   0.0
     Lair:4 |    6551 |       0 |   0.0 |      32 |       0 |   0.0
     Lair:5 |    6947 |    3961 |  36.3 |      28 |      19 |  40.4
     Lair:6 |   10127 |   14398 |  58.7 |      31 |      50 |  61.7
    Swamp:1 |    8372 |    3938 |  32.0 |      20 |       7 |  25.9
    Swamp:2 |    7319 |       0 |   0.0 |      19 |       0 |   0.0
    Swamp:3 |   17919 |   19823 |  52.5 |      43 |      17 |  28.3
    Swamp:4 |   10106 |    6037 |  37.4 |      27 |      10 |  27.0
   Spider:1 |   26100 |    1847 |   6.6 |      67 |      16 |  19.3
   Spider:2 |   25819 |    7339 |  22.1 |      63 |      17 |  21.2
   Spider:3 |   12539 |    4953 |  28.3 |      36 |      10 |  21.7
      Orc:1 |    2720 |     331 |  10.8 |      17 |       3 |  15.0
      Orc:2 |    2665 |   11041 |  80.6 |      17 |      29 |  63.0
            +---------+---------+-------+---------+---------+-------
